 Dungeon Crawl Stone Soup version 0.18-a0-739-gdae9da8 (webtiles) character file.

9296 HandofTrog the Basher (level 11, -6/115 HPs)
             Began as a Troll Fighter on Dec 10, 2015.
             Was the Champion of Cheibriados.
             Mangled by a six-headed hydra (18 damage)
             ... on level 9 of the Dungeon.
             The game lasted 00:51:21 (9004 turns).

HandofTrog the Basher (Troll Fighter)               Turns: 9004, Time: 00:51:23

Health: -6/115     AC:  7    Str: 47    XL:     11   Next: 21%
Magic:  17/19      EV:  8    Int: 21    God:    Cheibriados [******]
Gold:   295        SH:  0    Dex: 24    Spells: 2 memorised, 5 levels left

rFire  . . .     SeeInvis .     z - +0 morningstar (holy)
rCold  . . .     Clarity  .     I - +1 robe {MR+}
rNeg   . . .     SustAt   .     R - +1 large shield of Lentagir {Str+5}
rPois  .         Gourm    +     M - +1 hat
rElec  .         Spirit   .     (no cloak)
rCorr  .         Dismiss  .     (gloves unavailable)
rMut   .         Stasis   .     (boots unavailable)
MR     ++...                    (no amulet)
Stlth  +.........               N - ring of magical power
                                r - ring of protection from magic

@: confused, about to teleport, very slow, very resistant to hostile
enchantments, very unstealthy
A: unfitting armour, claws 3, fast metabolism 3, gourmand, regeneration 2,
shaggy fur 1, tough skin 2
a: Bend Time, Temporal Distortion, Slouch, Step From Time, Renounce Religion


You were on level 9 of the Dungeon.
You worshipped Cheibriados.
Cheibriados was exalted by your worship.
You were very full.

You visited 1 branch of the dungeon, and saw 9 of its levels.

You collected 717 gold pieces.
You spent 422 gold pieces at shops.

Inventory:

Hand Weapons
 a - a +0 flail
 z - a +0 morningstar of holy wrath (weapon)
 A - a +2 broad axe of chopping
 F - a +0 giant spiked club
 P - a cursed +3 flail
Missiles
 w - 6 tomahawks (quivered)
Armour
 b - a +0 robe
 c - a +0 shield
 I - a +1 robe of magic resistance (worn)
 M - a +1 hat (worn)
 Q - a +2 robe of cold resistance
 R - the +1 large shield of Lentagir (worn) {Str+5}
   (You bought it in a shop on level 6 of the Dungeon)

   It affects your strength (+5).
Jewellery
 r - a ring of protection from magic (left claw)
 N - a ring of magical power (right claw)
Wands
 n - a wand of frost (3)
 s - a wand of digging (9)
 v - a wand of confusion (24)
 x - a wand of draining (4)
 G - a wand of teleportation (3)
 S - a wand of magic darts (22)
 V - a wand of polymorph (4)
Scrolls
 f - 2 scrolls of random uselessness {unknown}
 g - a scroll of noise {unknown}
 h - a scroll of enchant weapon {unknown}
 j - 2 scrolls of fog {unknown}
 o - 2 scrolls of amnesia {unknown}
 p - a scroll of fear {unknown}
 y - 4 scrolls of remove curse {unknown}
 C - 2 scrolls of magic mapping {unknown}
 D - a scroll of summoning {unknown}
 J - a scroll of immolation {unknown}
 U - a scroll of recharging {unknown}
Potions
 d - 2 potions of ambrosia
 k - 4 potions of curing
 m - 2 potions of degeneration
 t - 2 potions of flight
 u - a potion of resistance
 K - a potion of might
 O - a potion of brilliance
Books
 B - a book of Battle

   Spells                             Type                      Level
   a - Infusion                       Charms                       1
   b - Shroud of Golubria             Charms/Translocation         2
   c - Song of Slaying                Charms                       2
   d - Spectral Weapon                Hexes/Charms                 3
   e - Regeneration                   Charms/Necromancy            3
 T - Sif Muna's Handbook of Attacks
   (You found it on level 4 of the Dungeon)

   Spells                             Type                      Level
   a - Sting                          Conjuration/Poison           1
Comestibles
 e - 7 bread rations
 i - 2 beef jerkies
 q - a royal jelly
 E - a slice of pizza
 H - a meat ration
 L - 2 fruits


   Skills:
 - Level 9.2 Fighting
 - Level 11.7 Maces & Flails
 - Level 2.4 Dodging
 + Level 5.5 Shields


You had 5 spell levels left.
You knew the following spells:

 Your Spells              Type           Power        Failure   Level  Hunger
a - Regeneration          Chrm/Necr      #.........   100%        3    ####...
b - Shroud of Golubria    Chrm/Tloc      #.........   99%         2    ###....


Dungeon Overview and Level Annotations

Branches:
Dungeon (9/15)             Temple (0/1) D:7             Orc (0/4) D:9
   Lair: D:8-11

Altars:
Ashenzari
Cheibriados
Elyvilon
Kikubaaqudgha
Ru
Sif Muna
Vehumet
Xom
Yredelemnul
Zin

Shops:
D:6 }%=([   D:9 [


Innate Abilities, Weirdness & Mutations

You are too large for most types of armour.
You have claws for hands.
Your metabolism is lightning-fast.
You like to eat raw meat.
You heal very quickly.
You are covered in fur (AC +1).
You have very tough skin (AC +2).


Message History

As you read the scroll of teleportation, it crumbles to dust.
You feel strangely unstable.
The six-headed hydra bites you but does no damage.
You block the six-headed hydra's attack. x3
The six-headed hydra bites you! The six-headed hydra bites you.
The flow of time bends around you.
The six-headed hydra easily resists.
You feel slightly less full. The six-headed hydra bites you!
* * * LOW HITPOINT WARNING * * *
You block the six-headed hydra's attack. x3
The six-headed hydra closely misses you.
You block the six-headed hydra's attack.
You are too injured to fight recklessly!
Drink which item? (? for menu, Esc to quit)
You are confused.
You feel invigorated.
The six-headed hydra bites you but does no damage.
The six-headed hydra bites you!
* * * LOW HITPOINT WARNING * * *
The six-headed hydra bites you!!
You die...

≈≈≈............# .....
#......5.
∩≈≈###........###......
##......# .≈≈
#...###......###.......###..
.≈# #....#........# ......
#... o# #.#..#..#†.#..#
.#.|. #).# . #.#######..####
._ #### #.#..#..#†.#..# .
.#. .# #....#........# .. ..
#...###....@D# ..###..
##........###..(.(.# .....#
#..........# ...(..( ....
#.#.....#..# .#..#.. #T.#
#.#>#...#### ##..# # #..#
#.#.#...# .# #(.# ..........
. #....F... #.#....... ..
##......# #>#..##....
....###..


You could see a six-headed hydra.

Vanquished Creatures
  Gastronok (D:8)
  A hill giant (D:8)
  Pikel (D:8)
  A manticore (D:9)
  Joseph (D:9)
  A two-headed ogre (D:7)
  Prince Ribbit (D:5)
  Grinder (D:5)
  Sigmund (D:3)
  Eustachio (D:6)
  A hungry ghost (D:9)
  2 vampire mosquitoes (D:9)
  2 water moccasins
  2 orc warriors
  3 ice beasts
  A phantom (D:6)
  5 ogres
  The ghost of Borgoz the Shield-Bearer, an amateur GrFi (D:3)
  5 centaurs
  11 giant frogs
  A wyvern skeleton (D:9)
  A scorpion (D:9)
  4 jellies
  9 wights
  5 killer bees (D:9)
  11 orc priests
  5 giant frog zombies
  A crimson imp (D:9)
  8 orc wizards
  8 hounds
  3 iguanas
  Ijyb (D:3)
  Terence (D:3)
  A centaur skeleton (D:5)
  2 hell rats (D:7)
  6 worker ants
  A hound zombie (D:7)
  2 hound skeletons
  Robin (D:4)
  12 adders
  3 gnolls (D:6)
  4 river rats (D:7)
  2 worker ant zombies
  2 adder zombies (D:9)
  3 adder skeletons
  4 worms
  3 giant geckos
  40 orcs
  7 giant cockroaches
  6 hobgoblins
  22 jackals
  5 kobolds
  5 quokkas
  3 bats
  A giant gecko skeleton (D:8)
  2 giant gecko zombies
  4 giant newts
  12 goblins
  A jackal zombie (D:6)
  A quokka skeleton (D:5)
  25 rats
281 creatures vanquished.

Vanquished Creatures (others)
  4 slaves (D:8)
  A wight (D:8)
  An orc wizard (D:5)
  A shadow imp (D:8)
  An orc (D:8)
  2 plants (D:5)
10 creatures vanquished.

Grand Total: 291 creatures vanquished

Notes
Turn   | Place    | Note
--------------------------------------------------------------
     0 | D:1      | HandofTrog the Troll Fighter began the quest for the Orb.
     0 | D:1      | Reached XP level 1. HP: 22/22 MP: 0/0
   404 | D:1      | Reached XP level 2. HP: 29/29 MP: 1/1
   793 | D:2      | Found a shimmering altar of Xom.
   919 | D:2      | Found an ancient bone altar of Kikubaaqudgha.
   978 | D:2      | Reached skill level 3 in Maces & Flails
   978 | D:2      | Reached XP level 3. HP: 36/36 MP: 2/2
  1313 | D:2      | Found a shattered altar of Ashenzari.
  1520 | D:3      | Noticed Borgoz's ghost (amateur GrFi)
  1597 | D:3      | Killed Borgoz's ghost
  1597 | D:3      | Reached skill level 4 in Maces & Flails
  1597 | D:3      | Reached XP level 4. HP: 44/44 MP: 3/3
  1615 | D:3      | Noticed Ijyb
  1624 | D:3      | Killed Ijyb
  1624 | D:3      | Reached XP level 5. HP: 50/50 MP: 4/4
  1630 | D:3      | Reached skill level 5 in Maces & Flails
  1764 | D:3      | Noticed Terence
  1797 | D:3      | Killed Terence
  1846 | D:3      | Found a glowing silver altar of Zin.
  1950 | D:3      | Found a basalt altar of Yredelemnul.
  1982 | D:3      | Noticed Sigmund
  1993 | D:3      | Killed Sigmund
  1993 | D:3      | Reached skill level 6 in Maces & Flails
  1993 | D:3      | Reached XP level 6. HP: 50/59 MP: 5/5
  2170 | D:3      | Found a sacrificial altar of Ru.
  2443 | D:4      | Found a snail-covered altar of Cheibriados.
  2568 | D:4      | Became a worshipper of Cheibriados the Contemplative
  2680 | D:4      | Reached skill level 7 in Maces & Flails
  2680 | D:4      | Reached XP level 7. HP: 36/66 MP: 6/6
  2905 | D:4      | Noticed Robin
  2916 | D:4      | Reached * piety under Cheibriados
  2920 | D:4      | Killed Robin
  2949 | D:4      | Found a deep blue altar of Sif Muna.
  3020 | D:5      | Entered Level 5 of the Dungeon
  3020 | D:5      | Noticed Prince Ribbit
  3582 | D:6      | Reached skill level 8 in Maces & Flails
  3625 | D:6      | Found Zulismem's Food Boutique.
  3653 | D:6      | Found a white marble altar of Elyvilon.
  3883 | D:6      | Noticed Eustachio
  3921 | D:6      | Killed Eustachio
  3921 | D:6      | Reached XP level 8. HP: 7/74 MP: 7/7
  4107 | D:6      | Reached ** piety under Cheibriados
  4107 | D:6      | Reached skill level 9 in Maces & Flails
  4323 | D:6      | Found Ugyn's Jewellery Boutique.
  4379 | D:6      | Found Zarphar's Weapon Shop.
  4388 | D:6      | Bought a +0 morningstar of holy wrath for 128 gold pieces
  4457 | D:6      | Reached skill level 10 in Maces & Flails
  4744 | D:6      | Found Osiesap's Gadget Emporium.
  4890 | D:6      | Found Echome Temip's Antique Armour Boutique.
  4977 | D:7      | Learned a level 3 spell: Regeneration
  4980 | D:7      | Learned a level 2 spell: Shroud of Golubria
  5061 | D:7      | Found a staircase to the Ecumenical Temple.
  5151 | D:7      | Reached *** piety under Cheibriados
  5304 | D:7      | Reached XP level 9. HP: 80/80 MP: 8/8
  5501 | D:7      | Reached skill level 11 in Maces & Flails
  5628 | D:7      | Reached **** piety under Cheibriados
  6352 | D:5      | Killed Prince Ribbit
  6352 | D:5      | Reached ***** piety under Cheibriados
  6590 | D:5      | Noticed Grinder
  6592 | D:5      | Killed Grinder
  6700 | D:8      | Noticed a hill giant
  6766 | D:8      | Reached skill level 5 in Fighting
  6965 | D:8      | Killed a hill giant
  6965 | D:8      | Reached XP level 10. HP: 96/98 MP: 9/9
  7181 | D:8      | Noticed Gastronok
  7194 | D:8      | Killed Gastronok
  7402 | D:8      | Noticed Pikel
  7414 | D:8      | Killed Pikel
  7805 | D:6      | Bought a slimy large shield for 294 gold pieces
  7815 | D:6      | Identified the +1 large shield of Lentagir {Str+5} (You bought it in a shop on level 6 of the Dungeon)
  8216 | D:4      | Identified Sif Muna's Handbook of Attacks
  8389 | D:9      | Found a staircase to the Orcish Mines.
  8436 | D:9      | Noticed a manticore
  8441 | D:9      | Found a radiant altar of Vehumet.
  8447 | D:9      | Killed a manticore
  8451 | D:9      | Noticed Joseph
  8453 | D:9      | Noticed a six-headed hydra
  8555 | D:9      | Reached ****** piety under Cheibriados
  8555 | D:9      | Reached XP level 11. HP: 101/115 MP: 10/10
  8708 | D:9      | Killed Joseph
  8806 | D:9      | Reached skill level 5 in Shields
  8948 | D:9      | Found Udiseobb's Antique Armour Shop.
  9004 | D:9      | Mangled by a six-headed hydra

Vault maps used:
D:1:      dpeg_arrival_rooms_with_view
D:2:      nicolae_overflow_hidden_temple, old_standard_altar,
          evilmike_ruin_ashenzari
D:3:      nicolae_ru_path_of_blood, marbit_many_paths, lemuel_crystal_altar,
          first_bread, uniq_iyjb, uniq_sigmund, uniq_terence
D:4:      led_sif_book, cheibriados_altar_1, uniq_robin
D:5:      serial_bayou, serial_bayou_ford_a, serial_bayou_pond_a,
          serial_bayou_lagoon_a, serial_bayou_pond_e, serial_bayou_lake_a,
          uniq_grinder, uniq_prince_ribbit1
D:6:      serial_shops, shop, nicolae_shop_behind_doors,
          nicolae_shop_temple_entry_statues_fountains, shop,
          kennysheep_little_box, elyvilon_altar_1, uniq_eustachio
D:7:      lemuel_ratsnest, minmay_temple_entry_water_ring
D:8:      uniq_pikel, uniq_gastronok
D:9:      hangedman_cross_cluster, grunt_gozag_breadcrumbs, serial_shops,
          nicolae_shop_waterfront, uniq_joseph

Action                   |  1- 3 |  4- 6 |  7- 9 | 10-12 || total
-------------------------+-------+-------+-------+-------++-------
Melee: Flail             |    85 |   163 |   195 |       ||   443
       Morningstar       |       |       |   274 |   226 ||   500
Throw: Tomahawk          |       |       |    13 |    25 ||    38
Invok: Bend Time         |       |       |     1 |     3 ||     4
Evoke: Wand              |       |       |       |     1 ||     1
  Use: Potion            |     1 |       |     5 |     3 ||     9
       Scroll            |       |       |       |     9 ||     9
 Stab: Sleeping          |       |     2 |     2 |       ||     4
  Eat: Chunk             |    11 |    18 |    26 |    16 ||    71
